TOP OF THE 1ST |
San Jose Missions batting - Pitching for Las Vegas Stars : LHP Carlos Castillo
|
Pitching: LHP Carlos Castillo
|
|
Batting: RHB Chang-geun Kim
|
0-0: Swinging Strike 0-1: Called Strike 0-2: Ball 1-2: Ball 2-2: Strikes out swinging
|
Batting: RHB Jorge Díaz
|
0-0: Called Strike 0-1: Ball 1-1: Ball 2-1: Ball 3-1: Foul Ball, location: 2F 3-2: Strikes out looking
|
Batting: LHB Chris Austin
|
0-0: DOUBLE (Line Drive, 9LS)
|
Batting: RHB Dale Taylor
|
0-0: Called Strike 0-1: Ball 1-1: Fly out, F4 (Popup, 4)
|
Top of the 1st over - 0 run(s), 1 hit(s), 0 error(s), 1 left on base; San Jose 0 - Las Vegas 0 |
BOTTOM OF THE 1ST |
Las Vegas Stars batting - Pitching for San Jose Missions : RHP Al Bernhardt
|
Pitching: RHP Al Bernhardt
|
|
Batting: SHB Júlio Salazar
|
0-0: Called Strike 0-1: Ball 1-1: Fly out, F8 (Line Drive, 8RM)
|
Batting: RHB Pedro Mata
|
0-0: Ball 1-0: Foul Ball, location: 2F 1-1: Foul Ball, location: 2F 1-2: Ball 2-2: Ball 3-2: Foul Ball, location: 2F 3-2: Base on Balls
|
Batting: RHB William Richardson
|
0-0: Ball 1-0: Ball 2-0: Foul Ball, location: 2F 2-1: Ball 3-1: Foul Ball, location: 2F 3-2: Fly out, F9 (Flyball, 9LS)
|
Batting: LHB Robinson Fernández
|
0-0: Ball 1-0: Ball 2-0: Called Strike 2-1: Fly out, F6 (Popup, 6MD)
|
Bottom of the 1st over - 0 run(s), 0 hit(s), 0 error(s), 1 left on base; San Jose 0 - Las Vegas 0 |
TOP OF THE 2ND |
San Jose Missions batting - Pitching for Las Vegas Stars : LHP Carlos Castillo
|
Batting: RHB Naomichi Aoki
|
0-0: Fly out, F2 (Popup, 15S)
|
Batting: LHB Alan McGilroy
|
0-0: Swinging Strike 0-1: Foul Ball, location: 2F 0-2: Ball 1-2: Ball 2-2: Foul Ball, location: 2F 2-2: Fly out, F8 (Flyball, 8RD)
|
Batting: RHB Ed Starr
|
0-0: Ball 1-0: SINGLE (Line Drive, 8LS)
|
Batting: RHB José Sánchez
|
0-0: Ball 1-0: Ball 2-0: Called Strike 2-1: Called Strike 2-2: Foul Ball, location: 2F 2-2: Ground out 5-3 (Groundball, 25)
|
Top of the 2nd over - 0 run(s), 1 hit(s), 0 error(s), 1 left on base; San Jose 0 - Las Vegas 0 |
BOTTOM OF THE 2ND |
Las Vegas Stars batting - Pitching for San Jose Missions : RHP Al Bernhardt
|
Batting: SHB Sloan James
|
0-0: Ball 1-0: DOUBLE (Line Drive, 9LM)
|
Batting: LHB Clint Parkinson
|
0-0: Ball 1-0: Ball 2-0: Called Strike 2-1: SINGLE (Line Drive, 78M) Sloan James to third
|
Batting: LHB Paco Rivera
|
0-0: Ball 1-0: Foul Ball, location: 2F 1-1: Ball 2-1: 3-RUN HOME RUN (Flyball, 78XD), Distance : 429 ft
|
Batting: RHB Bobby Miller
|
0-0: Foul Ball, location: 2F 0-1: Foul Ball, location: 2F 0-2: Fly out, F8 (Line Drive, 8LM)
|
Batting: LHB Nathan Frey
|
0-0: Ground out 5-3 (Groundball, 56S)
|
Batting: SHB Júlio Salazar
|
0-0: Swinging Strike 0-1: Ball 1-1: Ball 2-1: Ground out 1-3 (Groundball, 13S)
|
Bottom of the 2nd over - 3 run(s), 3 hit(s), 0 error(s), 0 left on base; San Jose 0 - Las Vegas 3 |
TOP OF THE 3RD |
San Jose Missions batting - Pitching for Las Vegas Stars : LHP Carlos Castillo
|
Batting: RHB Miguel Mendoza
|
0-0: Ball 1-0: Reached on error, E6 (Groundball, 6)
|
Batting: RHB Chang-geun Kim
|
0-0: Ball 1-0: Called Strike 1-1: Called Strike 1-2: Strikes out swinging
|
Batting: RHB Jorge Díaz
|
0-0: Called Strike 0-1: Ball 1-1: Ball 2-1: Fly out, F6 (Line Drive, 56D)
|
Batting: LHB Chris Austin
|
0-0: Foul Ball, location: 2F 0-1: Swinging Strike 0-2: Strikes out swinging
|
Top of the 3rd over - 0 run(s), 0 hit(s), 1 error(s), 1 left on base; San Jose 0 - Las Vegas 3 |
BOTTOM OF THE 3RD |
Las Vegas Stars batting - Pitching for San Jose Missions : RHP Al Bernhardt
|
Batting: RHB Pedro Mata
|
0-0: Called Strike 0-1: DOUBLE (Line Drive, 78M)
|
Batting: RHB William Richardson
|
0-0: Ball 1-0: Foul Ball, location: 2F 1-1: Foul Ball, location: 2F 1-2: Ball 2-2: Ball 3-2: Ground out 5-3 (Groundball, 56)
|
Batting: LHB Robinson Fernández
|
0-0: Ball 1-0: Swinging Strike 1-1: Ball 2-1: Foul Ball, location: 2F 2-2: Foul Ball, location: 2F 2-2: Ball 3-2: Ground out U3 (Groundball, 3) Pedro Mata to third
|
Batting: SHB Sloan James
|
0-0: Fly out, F9 (Line Drive, 9LS)
|
Bottom of the 3rd over - 0 run(s), 1 hit(s), 0 error(s), 1 left on base; San Jose 0 - Las Vegas 3 |
TOP OF THE 4TH |
San Jose Missions batting - Pitching for Las Vegas Stars : LHP Carlos Castillo
|
Batting: RHB Dale Taylor
|
0-0: Fly out, F8 (Flyball, 8RM)
|
Batting: RHB Naomichi Aoki
|
0-0: Foul Ball, location: 2F 0-1: Ball 1-1: Swinging Strike 1-2: Ball 2-2: Strikes out swinging
|
Batting: LHB Alan McGilroy
|
0-0: Called Strike 0-1: Called Strike 0-2: Ball 1-2: Ball 2-2: Strikes out swinging
|
Top of the 4th over - 0 run(s), 0 hit(s), 0 error(s), 0 left on base; San Jose 0 - Las Vegas 3 |
BOTTOM OF THE 4TH |
Las Vegas Stars batting - Pitching for San Jose Missions : RHP Al Bernhardt
|
Batting: LHB Clint Parkinson
|
0-0: Called Strike 0-1: Fly out, F8 (Flyball, 8LD)
|
Batting: LHB Paco Rivera
|
0-0: Foul Ball, location: 2F 0-1: Foul Ball, location: 2F 0-2: Ball 1-2: Ground out 1-3 (Groundball, 13S)
|
Batting: RHB Bobby Miller
|
0-0: Ball 1-0: Foul Ball, location: 2F 1-1: Ball 2-1: Ground out 6-3 (Groundball, 6)
|
Bottom of the 4th over - 0 run(s), 0 hit(s), 0 error(s), 0 left on base; San Jose 0 - Las Vegas 3 |
TOP OF THE 5TH |
San Jose Missions batting - Pitching for Las Vegas Stars : LHP Carlos Castillo
|
Batting: RHB Ed Starr
|
0-0: Foul Ball, location: 2F 0-1: Ball 1-1: Called Strike 1-2: Strikes out swinging
|
Batting: RHB José Sánchez
|
0-0: Ball 1-0: Foul Ball, location: 2F 1-1: Foul Ball, location: 2F 1-2: Ground out U3 (Groundball, 34S)
|
Batting: RHB Miguel Mendoza
|
0-0: Ball 1-0: Foul Ball, location: 2F 1-1: Called Strike 1-2: Strikes out swinging
|
Top of the 5th over - 0 run(s), 0 hit(s), 0 error(s), 0 left on base; San Jose 0 - Las Vegas 3 |
BOTTOM OF THE 5TH |
Las Vegas Stars batting - Pitching for San Jose Missions : RHP Al Bernhardt
|
Batting: LHB Nathan Frey
|
0-0: Called Strike 0-1: Ball 1-1: Ball 2-1: Ball 3-1: Called Strike 3-2: Fly out, F7 (Flyball, 7LS)
|
Batting: SHB Júlio Salazar
|
0-0: Ground out U3 (Groundball, 34)
|
Batting: RHB Pedro Mata
|
0-0: Foul Ball, location: 2F 0-1: Ball 1-1: Foul Ball, location: 2F 1-2: Foul Ball, location: 2F 1-2: Ball 2-2: Foul Ball, location: 2F 2-2: SINGLE (Line Drive, 6MD)
|
Batting: RHB William Richardson
|
0-0: Ball 1-0: Ball 2-0: Ball 3-0: Base on Balls Pedro Mata to second
|
Batting: LHB Robinson Fernández
|
0-0: Ground out 3-1 (Groundball, 34)
|
Bottom of the 5th over - 0 run(s), 1 hit(s), 0 error(s), 2 left on base; San Jose 0 - Las Vegas 3 |
TOP OF THE 6TH |
San Jose Missions batting - Pitching for Las Vegas Stars : LHP Carlos Castillo
|
Batting: RHB Chang-geun Kim
|
0-0: Foul Ball, location: 2F 0-1: Foul Ball, location: 2F 0-2: Strikes out swinging
|
Batting: RHB Jorge Díaz
|
0-0: Ground out 6-3 (Groundball, 6S)
|
Batting: LHB Chris Austin
|
0-0: Called Strike 0-1: Ball 1-1: Ball 2-1: Ball 3-1: Called Strike 3-2: Base on Balls
|
Batting: RHB Dale Taylor
|
0-0: Ball 1-0: Called Strike 1-1: Called Strike 1-2: Foul Ball, location: 2F 1-2: 2-RUN HOME RUN (Flyball, 7D), Distance : 404 ft
|
Batting: RHB Naomichi Aoki
|
0-0: Ball 1-0: Called Strike 1-1: Foul Ball, location: 2F 1-2: SOLO HOME RUN (Flyball, 89XD), Distance : 401 ft
|
Batting: LHB Alan McGilroy
|
0-0: Ball 1-0: Called Strike 1-1: Ball 2-1: Ball 3-1: Called Strike 3-2: Base on Balls
|
Pitching: RHP Roberto Moreno
|
|
Batting: RHB Ed Starr
|
0-0: Called Strike 0-1: Foul Ball, location: 2F 0-2: Ball 1-2: Strikes out swinging
|
Top of the 6th over - 3 run(s), 2 hit(s), 0 error(s), 1 left on base; San Jose 3 - Las Vegas 3 |
BOTTOM OF THE 6TH |
Las Vegas Stars batting - Pitching for San Jose Missions : RHP Al Bernhardt
|
Batting: SHB Sloan James
|
0-0: Ball 1-0: Called Strike 1-1: Called Strike 1-2: Ball 2-2: Fly out, F7 (Flyball, 78D)
|
Batting: LHB Clint Parkinson
|
0-0: Called Strike 0-1: Foul Ball, location: 2F 0-2: Ball 1-2: Strikes out swinging
|
Batting: LHB Paco Rivera
|
0-0: Called Strike 0-1: Ball 1-1: Swinging Strike 1-2: Ball 2-2: Foul Ball, location: 2F 2-2: Ball 3-2: Base on Balls
|
Pitching: LHP Morgan O'Day
|
|
Batting: RHB Bobby Miller
|
0-0: Ball 1-0: Ball 2-0: Swinging Strike 2-1: Swinging Strike 2-2: Foul Ball, location: 2F 2-2: Foul Ball, location: 2F 2-2: Ball 3-2: Strikes out looking
|
Bottom of the 6th over - 0 run(s), 0 hit(s), 0 error(s), 1 left on base; San Jose 3 - Las Vegas 3 |
TOP OF THE 7TH |
San Jose Missions batting - Pitching for Las Vegas Stars : RHP Roberto Moreno
|
Pinch Hitting: LHB Miguel Montés
|
0-0: Fly out, F9 (Flyball, 9)
|
Batting: RHB Miguel Mendoza
|
0-0: Ball 1-0: Ball 2-0: Ground out 2-3 (Groundball, 15S)
|
Batting: RHB Chang-geun Kim
|
0-0: Ball 1-0: SINGLE (Line Drive, 6)
|
Batting: RHB Jorge Díaz
|
0-0: Ball 1-0: Foul Ball, location: 2F 1-1: Ball 2-1: Fielders Choice at 2nd, 4-6 (Groundball, 4)
|
Top of the 7th over - 0 run(s), 1 hit(s), 0 error(s), 0 left on base; San Jose 3 - Las Vegas 3 |
BOTTOM OF THE 7TH |
Las Vegas Stars batting - Pitching for San Jose Missions : LHP Morgan O'Day
|
Now at 3B: Bobby Brewster
|
|
Pinch Hitting: RHB Ricardo Guzmán
|
0-0: Foul Ball, location: 2F 0-1: Ground out 6-3 (Groundball, 6)
|
Batting: SHB Júlio Salazar
|
0-0: Ball 1-0: Ground out U3 (Groundball, 34)
|
Batting: RHB Pedro Mata
|
0-0: Ball 1-0: Ball 2-0: Ball 3-0: Called Strike 3-1: Base on Balls
|
Batting: RHB William Richardson
|
0-0: SINGLE (Groundball, 4S) (infield hit) Pedro Mata to second
|
Batting: LHB Robinson Fernández
|
0-0: Foul Ball, location: 2F 0-1: Ball 1-1: Fly out, F7 (Flyball, 7LM)
|
Bottom of the 7th over - 0 run(s), 1 hit(s), 0 error(s), 2 left on base; San Jose 3 - Las Vegas 3 |
TOP OF THE 8TH |
San Jose Missions batting - Pitching for Las Vegas Stars : RHP Roberto Moreno
|
Now at 2B: Héctor Barajas
|
|
Batting: LHB Chris Austin
|
0-0: SINGLE (Groundball, 56D)
|
Pinch Runner at 1st Peyton Pennington:
|
|
Batting: RHB Dale Taylor
|
0-0: Called Strike 0-1: Ball 1-1: Ball 2-1: Swinging Strike 2-2: Strikes out swinging
|
Batting: RHB Naomichi Aoki
|
0-0: Ball 1-0: Called Strike 1-1: Ball 2-1: Called Strike 2-2: Ball 3-2: Base on Balls Peyton Pennington to second
|
Batting: LHB Alan McGilroy
|
0-0: Ball 1-0: Ball 2-0: Called Strike 2-1: Swinging Strike 2-2: Foul Ball, location: 2F 2-2: Strikes out swinging
|
Batting: RHB Ed Starr
|
0-0: Ball 1-0: Ball 2-0: Ball 3-0: Called Strike 3-1: Foul Ball, location: 2F 3-2: Base on Balls Peyton Pennington to third Naomichi Aoki to second
|
Pinch Hitting: LHB Félix García
|
0-0: Ball 1-0: Foul Ball, location: 2F 1-1: Called Strike 1-2: Ball 2-2: Fly out, F4 (Popup, 4MD)
|
Top of the 8th over - 0 run(s), 1 hit(s), 0 error(s), 3 left on base; San Jose 3 - Las Vegas 3 |
BOTTOM OF THE 8TH |
Las Vegas Stars batting - Pitching for San Jose Missions : LHP Morgan O'Day
|
Now at 3B: Glenn Johnson
|
|
Now in LF: Peyton Pennington
|
|
Batting: SHB Sloan James
|
0-0: Swinging Strike 0-1: Ground out 1-3 (Groundball, 13S)
|
Pinch Hitting: SHB Chris Bennis
|
0-0: Ball 1-0: Ball 2-0: Ground out 6-3 (Groundball, 6)
|
Batting: LHB Paco Rivera
|
0-0: Foul Ball, location: 2F 0-1: Foul Ball, location: 2F 0-2: SINGLE (Groundball, 5D)
|
Batting: RHB Bobby Miller
|
0-0: Ball 1-0: Called Strike 1-1: Swinging Strike 1-2: Foul Ball, location: 2F 1-2: Foul Ball, location: 2F 1-2: Foul Ball, location: 2F 1-2: Ball 2-2: SINGLE (Line Drive, 56) Paco Rivera to second
|
Batting: SHB Héctor Barajas
|
0-0: Called Strike 0-1: Ball 1-1: Fielders Choice at 2nd, 4-6 (Groundball, 34)
|
Bottom of the 8th over - 0 run(s), 2 hit(s), 0 error(s), 1 left on base; San Jose 3 - Las Vegas 3 |
TOP OF THE 9TH |
San Jose Missions batting - Pitching for Las Vegas Stars : RHP Roberto Moreno
|
Pitching: RHP Jorge Oliva
|
|
Now at 3B: Walt Simmons
|
|
Pinch Hitting: RHB Jorge Fuentes
|
0-0: Called Strike 0-1: Swinging Strike 0-2: Strikes out swinging
|
Batting: RHB Chang-geun Kim
|
0-0: Foul Ball, location: 2F 0-1: Ball 1-1: Fly out, F7 (Flyball, 78D)
|
Batting: RHB Jorge Díaz
|
0-0: Called Strike 0-1: Called Strike 0-2: Strikes out swinging
|
Top of the 9th over - 0 run(s), 0 hit(s), 0 error(s), 0 left on base; San Jose 3 - Las Vegas 3 |
BOTTOM OF THE 9TH |
Las Vegas Stars batting - Pitching for San Jose Missions : LHP Morgan O'Day
|
Pitching: RHP Paul Lewis
|
|
Now at C: Wilson Vecino
|
|
Batting: SHB Júlio Salazar
|
0-0: Fly out, F8 (Line Drive, 8RD)
|
Batting: RHB Pedro Mata
|
0-0: Called Strike 0-1: Ball 1-1: Ball 2-1: SINGLE (Groundball, 34D)
|
Batting: RHB William Richardson
|
0-0: SINGLE (Groundball, 6D) Pedro Mata to second
|
Batting: LHB Robinson Fernández
|
0-0: Called Strike 0-1: Grounds into double play, 5-4-3 (Groundball, 56)
|
Bottom of the 9th over - 0 run(s), 2 hit(s), 0 error(s), 1 left on base; San Jose 3 - Las Vegas 3 |
TOP OF THE 10TH |
San Jose Missions batting - Pitching for Las Vegas Stars : RHP Jorge Oliva
|
Batting: RHB Peyton Pennington
|
0-0: Ball 1-0: Called Strike 1-1: Foul Ball, location: 2F 1-2: Strikes out swinging
|
Batting: RHB Dale Taylor
|
0-0: Foul Ball, location: 2F 0-1: Ball 1-1: Called Strike 1-2: Fly out, F8 (Flyball, 8RM)
|
Batting: RHB Naomichi Aoki
|
0-0: Called Strike 0-1: Ball 1-1: Swinging Strike 1-2: Strikes out swinging
|
Top of the 10th over - 0 run(s), 0 hit(s), 0 error(s), 0 left on base; San Jose 3 - Las Vegas 3 |
BOTTOM OF THE 10TH |
Las Vegas Stars batting - Pitching for San Jose Missions : RHP Paul Lewis
|
Batting: SHB Sloan James
|
0-0: Called Strike 0-1: Ball 1-1: SINGLE (Groundball, 4S) (infield hit)
|
Batting: SHB Walt Simmons
|
0-0: Sac Bunt - play at second, runner OUT -> throw to first, DP!
|
Batting: LHB Paco Rivera
|
0-0: Ground out 4-3 (Groundball, 4)
|
Bottom of the 10th over - 0 run(s), 1 hit(s), 0 error(s), 0 left on base; San Jose 3 - Las Vegas 3 |
TOP OF THE 11TH |
San Jose Missions batting - Pitching for Las Vegas Stars : RHP Jorge Oliva
|
Pitching: RHP Pepe Vázquez
|
|
Batting: LHB Alan McGilroy
|
0-0: Ball 1-0: Foul Ball, location: 2F 1-1: Ground out 4-3 (Groundball, 4)
|
Batting: RHB Ed Starr
|
0-0: Ground out 6-3 (Groundball, 6)
|
Batting: RHB Glenn Johnson
|
0-0: Foul Ball, location: 2F 0-1: Foul Ball, location: 2F 0-2: Foul Ball, location: 2F 0-2: Ball 1-2: Foul Ball, location: 2F 1-2: Foul Ball, location: 2F 1-2: Foul Ball, location: 2F 1-2: Foul Ball, location: 2F 1-2: Ground out 3-1 (Groundball, 34)
|
Top of the 11th over - 0 run(s), 0 hit(s), 0 error(s), 0 left on base; San Jose 3 - Las Vegas 3 |
|